 Dungeon Crawl Stone Soup version 0.28-a0-1435-g82390b3a13 (webtiles) character file.

Game seed: 4865811548143359138

1023 shadowrider38 the Ducker (level 8, -2/57 HPs)
             Began as an Octopode Wanderer on Jan 9, 2022.
             Was an Initiate of Gozag.
             Slain by a sky beast (5 damage)
             ... on level 6 of the Dungeon.
             The game lasted 00:19:11 (7439 turns).

shadowrider38 the Ducker (Octopode Wanderer)        Turns: 7439, Time: 00:19:12

Health: -2/57      AC:  1    Str: 11    XL:     8   Next: 22%
Magic:  9/9        EV: 19    Int: 14    God:    Gozag
Gold:   381        SH:  0    Dex: 14    Spells: 8/9 levels left

rFire   + + .      SeeInvis .   a - +3 short sword (elec)
rCold   . . .      Faith    .   (no shield)
rNeg    . . .      Spirit   .   b - +0 hat
rPois   .          Reflect  .   (no amulet)
rElec   .          Harm     .   h - ring of protection from fire
rCorr   .          Rampage  .   p - +4 ring of evasion
Will    .....                   y - ring of protection from fire
Stlth   +++.......              (no ring)
HPRegen 0.19/turn               (no ring)
MPRegen 0.11/turn               (no ring)
                                (no ring)
                                (no ring)

@: no status effects
A: almost no armour, amphibious, 8 rings, camouflage 1, gelatinous body 1,
(nimble swimmer 1), tentacles
a: Renounce Religion, Potion Petition, Call Merchant, Bribe Branch


You were on level 6 of the Dungeon.
You worshipped Gozag.
Gozag was aware of your devotion.
You visited 2 branches of the dungeon, and saw 7 of its levels.

You collected 486 gold pieces.
You paid 105 gold pieces to Gozag.

Inventory:

Hand Weapons
 a - a +3 short sword of electrocution (weapon)
 q - a +0 flail
Missiles
 e - 121 stones (quivered)
 i - a throwing net
 u - a curare-tipped dart
 B - 6 poisoned darts
Armour
 b - a +0 hat (worn)
Magical Staves
 A - a staff of poison
Jewellery
 h - a ring of protection from fire (left tentacle)
 p - a +4 ring of evasion (right tentacle)
 y - a ring of protection from fire (on tentacle)
Wands
 s - a wand of paralysis (7)
Scrolls
 d - a scroll of magic mapping
 k - a scroll of teleportation
 n - a scroll of enchant weapon
 o - 2 scrolls of fear {unknown}
 t - a scroll of noise {unknown}
 v - 4 scrolls of blinking
 w - a scroll of identify {unknown}
Potions
 c - a potion of heal wounds {unknown}
 f - 2 potions of might {unknown}
 g - a potion of brilliance {unknown}
 j - 7 potions of curing {unknown}
 l - a potion of attraction {unknown}
 m - a potion of cancellation {unknown}
 r - a potion of resistance {unknown}
 x - a potion of berserk rage {unknown}
 z - 2 potions of flight {unknown}


   Skills:
 - Level 6.0 Fighting
 + Level 5.6 Short Blades
 - Level 6.0 Dodging
 - Level 2.6 Stealth
 - Level 1.0 Spellcasting
 - Level 2.0 Conjurations
 - Level 2.0 Evocations


You had 8 spell levels left.
You knew the following spells:

 Your Spells              Type           Power      Damage    Failure   Level
a - Shock                 Conj/Air       12%        1d3       17%         1

Your spell library contained the following spells:

 Spells                   Type           Power      Damage    Failure   Level
 Foxfire                  Conj/Fire      12%        2x1d4     17%         1
 Conjure Flame            Conj/Fire      3%         6-21      45%         3
 Mephitic Cloud           Conj/Pois/Air  2%         N/A       52%         3
 Inner Flame              Hex/Fire       0%         N/A       61%         3
 Flame Wave               Conj/Fire      3%         2d4       86%         4


Dungeon Overview and Level Annotations

Branches:
Dungeon (6/15)             Temple (1/1) D:4

Altars:
Ashenzari
Fedhas
Gozag
Kikubaaqudgha
Makhleb
Nemelex Xobeh
Okawaru
Ru
Uskayaw
Wu Jian
Yredelemnul
Zin
The Shining One

Shops:
D:1 *   D:2 ?=

Annotations:
D:2 Sigmund


Innate Abilities, Weirdness & Mutations

You cannot wear most types of armour.
You are amphibious.
You can wear up to eight rings at the same time.
Your skin changes colour to match your surroundings (Stealth+).
Your rubbery body absorbs attacks. (AC +1, EV +1)
((You are camouflaged when in or above water. (Stealth+)))
You have tentacles for arms and can constrict up to eight enemies at once.


Message History

You throw a stone.
The stone hits the sky beast but does no damage.
Throw: 122 stones
Press: ? - help, Q - select action, (/) - cycle Shift-Dir - straight line, f/p - sky beast
Aim: a sky beast (51% to hit)
You throw a stone. The stone barely misses the sky beast.
The sky beast misses you.
You hit the sky beast.
You squeeze the sky beast, but do no damage.
The sky beast is moderately wounded.
You completely miss the sky beast.
Your tentacle-slap misses the sky beast.
Your squeeze misses the sky beast.
The sky beast is moderately wounded.
The sky beast flickers out of sight!
Deactivating autopickup; reactivate with Ctrl-A.
Something hits you. Something shocks you.
You miss something. Your squeeze misses something. Something hits you.
Something shocks you.
You hit something. Something closely misses you.
You miss something. You squeeze something. Something hits you.
Something shocks you.
You closely miss something. You hit something. Something hits you.
Something shocks you.
You completely miss something. You squeeze something. Something hits you.
Something shocks you.
* * * LOW HITPOINT WARNING * * *
You hit something. Something hits you.
* * * LOW HITPOINT WARNING * * *
Something shocks you.
* * * LOW HITPOINT WARNING * * *
Okay, then.
Unknown command.
You hit something but do no damage. You squeeze something.
Something barely misses you.
You miss something. Something hits you.
* * * LOW HITPOINT WARNING * * *
Something shocks you.
You die...
Your body crumbles into a pile of gold.

#.##.# ##.##.#
#..##.#
#####.###.### #
...#.# #...# #.#.#
###.# #...### #.#
##.{((.###.########
#.@###..ยง..##......
#.## #####....#####
#.# ##...).# #.#
#..###.## #.#
###...##..### #.#
##.......#..## #.#
#.........#)). #.#
#..........##.
#.####...........))


There were no monsters in sight!

Vanquished Creatures
  A water moccasin (D:6)
  2 ogres
  A black bear (D:5)
  2 kobold brigands
  The ghost of YayAnonymity the Vandal, a weakling DsHu (D:3)
  A bullfrog zombie (D:5)
  3 hounds
  2 jellies (D:4)
  A bullfrog skeleton (D:4)
  A centaur skeleton (D:4)
  An orc wizard (D:4)
  An iguana (D:4)
  8 adders
  A shadow imp (D:5)
  2 ufetubi
  An adder skeleton (D:4)
  A worm (D:2)
  3 dart slugs
  13 orcs
  6 endoplasms
  2 giant cockroaches (D:1)
  7 hobgoblins
  3 jackals (D:1)
  16 kobolds
  3 quokkas
  6 ball pythons
  7 bats
  2 frilled lizards (D:1)
  5 goblins
  A quokka skeleton (D:4)
  5 rats
109 creatures vanquished.

Notes
Turn   | Place    | Note
-------+----------+-------------------------------------------
     0 | D:1      | shadowrider38 the Octopode Wanderer began the quest for the
                  | Orb.
     0 | D:1      | shadowrider38 set off with the following items: a +2 short
                  | sword, a +0 hat; and the following spell memorised: Shock;
                  | and the following spells available to memorise: Mephitic
                  | Cloud
     0 | D:1      | Reached XP level 1. HP: 11/11 MP: 2/2
    28 | D:1      | Reached skill level 1 in Dodging
   434 | D:1      | Found Ytarerac's Assorted Antiques.
   442 | D:1      | Reached XP level 2. HP: 11/17 MP: 3/3
  1007 | D:1      | Reached skill level 1 in Fighting
  1016 | D:1      | Reached XP level 3. HP: 18/23 MP: 4/4
  1227 | D:1      | You fall into a shaft and drop 1 floor!
  1399 | D:2      | Found Igiroe's One-of-a-Kind Rings.
  1530 | D:2      | Noticed Sigmund
  1738 | D:2      | Found a sacrificial altar of Ru.
  1749 | D:2      | Found a faded altar of an unknown god.
  1759 | D:2      | Found Zaurayn's Magic Scroll Boutique.
  2444 | D:3      | Reached XP level 4. HP: 29/29 MP: 5/5
  2760 | D:3      | Reached XP level 5. HP: 15/34 MP: 6/6
  3349 | D:3      | Found a runed translucent door.
  3354 | D:3      | Noticed YayAnonymity's ghost (weakling DsHu)
  3369 | D:3      | Killed YayAnonymity's ghost
  3744 | D:4      | Noticed an ogre
  3871 | D:5      | Entered Level 5 of the Dungeon
  4055 | D:4      | Reached XP level 6. HP: 38/43 MP: 7/7
  5025 | D:4      | Found a staircase to the Ecumenical Temple.
  5031 | D:4      | Reached skill level 5 in Dodging
  5031 | D:4      | Reached XP level 7. HP: 48/48 MP: 8/8
  5037 | Temple   | Entered the Ecumenical Temple
  5119 | Temple   | Became a worshipper of Gozag Ym Sagoz the Greedy
  6436 | D:5      | Found a glowing golden altar of the Shining One.
  6808 | D:6      | Reached skill level 5 in Fighting
  6955 | D:6      | Reached XP level 8. HP: 28/57 MP: 9/9
  7439 | D:6      | Slain by a sky beast

Illustrated notes

Levels and vault maps discovered:
D:1:      saegor_arrival_simple_d, layout_loops_cross, serial_shops,
          nicolae_diamond_shop
D:2:      layout_rooms, basic_altar, serial_shops, nicolae_shop_behind_doors,
          basic_ecumenical_altar, nicolae_shop_unique_rings,
          nrook_loot_triangle, chequers_serial_rivers_micro_d,
          lightli_corner_chamber, uniq_sigmund
D:3:      layout_loops_ring, ebering_ghost_reflecting_pool,
          minmay_fractal_squares_gapless_5
D:4:      layout_rooms, temple_green, minmay_checkerbox
D:5:      layout_loops_cross, nicolae_tso_swordbearing_angel,
          minmay_misc_feat_secret_circle
D:6:      layout_rooms, minmay_hollow_rounded_squares
Temple:   nicolae_temple_hex_pool

Skill      XL: |  1  2  3  4  5  6  7  8 |
---------------+-------------------------+-----
Dodging        | 1 2 3 4 5 6 |  6.0
Fighting       | 1 2 3 4 5 6 |  6.0
Evocations     | 2 |  2.0
Short Blades   | |  5.6
Stealth        | |  2.6
Spellcasting   | |  1.0
Conjurations   | |  2.0

Action                   |  1- 3 |  4- 6 |  7- 9 || total
-------------------------+-------+-------+-------++-------
Melee: Short sword       |    72 |    75 |    94 ||   241
       Constrict         |    16 |    18 |    17 ||    51
       Tentacles         |    10 |    21 |    34 ||    65
       Punch             |       |       |     1 ||     1
Throw: Stone             |       |     9 |     9 ||    18
       Dart              |       |       |     2 ||     2
  Use: Scroll            |       |       |     4 ||     4
 Stab: Sleeping          |    14 |       |     3 ||    17
       Distracted        |       |       |     2 ||     2
Armor: Skin              |     4 |     4 |     2 ||    10
Dodge: Dodged            |    32 |    39 |    51 ||   122

Table legend: (Time is in decaauts)
 A = Elapsed time spent in this place.
 B = Non-inter-level travel time spent in this place.
 C = Inter-level travel time spent in this place.
 D = Time resting spent in this place.
 E = Time spent auto-exploring this place.
 F = Levels seen in this place.
 G = Mean time per level.
                   A        B        C        D        E       F      G
               +--------+--------+--------+--------+--------+-----+--------+
         Total |   7422 |   7039 |    383 |   3415 |   2173 |   7 | 1060.3 |
       Dungeon |   7336 |   6953 |    383 |   3415 |   2120 |   6 | 1222.7 |
        Temple |     85 |     85 |      0 |      0 |     53 |   1 |   85.0 |
               +--------+--------+--------+--------+--------+-----+--------+

Top non-repeatable levels by time:
     D:3: 2033 daAuts
     D:4: 1902 daAuts
     D:1: 1469 daAuts
     D:5: 884 daAuts
     D:6: 574 daAuts
     D:2: 471 daAuts
  Temple: 85 daAuts
